 Dungeon Crawl Stone Soup version 0.24-a0-235-g3f03afc (webtiles) character file.

Game seed: 277585322996137851

30429 tilp the Thaumaturge (level 13, 0/101 HPs)
             Began as a Gnoll Skald on Apr 7, 2019.
             Was a High Priest of Kikubaaqudgha.
             Slain by a crocodile (1 damage)
             ... on level 6 of the Lair of Beasts.
             The game lasted 01:03:17 (15219 turns).

tilp the Thaumaturge (Gnoll Skald)                 Turns: 15219, Time: 01:03:17

Health: 0/101      AC: 13    Str: 14    XL:     13   Next: 51%
Magic:  23/26      EV: 19    Int: 20    God:    Kikubaaqudgha [*****.]
Gold:   1309       SH:  0    Dex: 18    Spells: 9/31 levels left

rFire    + . .     SeeInvis .   L - +2 halberd (venom)
rCold    . . .     Gourm    .   (shield currently unavailable)
rNeg     + + .     Faith    .   a - +1 leather armour {rF+}
rPois    .         Spirit   .   q - +1 helmet
rElec    .         Reflect  .   X - +0 cloak
rCorr    .         Harm     .   T - +2 pair of gloves
MR       ++...                  B - +0 pair of boots
Stlth    ++++......             H - amulet of regeneration
HPRegen  0.66/turn              R - ring of Wukaonyu {rN++ MR+ Str-5 Dex+4}
MPRegen  0.20/turn              i - +2 ring of slaying

@: no status effects
A: distributed training, fangs 1, magic resistance 1, strong 2, wild magic 1,
strong nose
a: Receive Corpses, Torment, Renounce Religion


You were on level 6 of the Lair of Beasts.
You worshipped Kikubaaqudgha.
Kikubaaqudgha was extremely pleased with you.
You were not hungry.

You visited 3 branches of the dungeon, and saw 18 of its levels.
You also visited: Sewer and Ossuary.

You collected 1372 gold pieces.
You spent 63 gold pieces at shops.

Inventory:

Hand Weapons
 L - a +2 halberd of venom (weapon)
 V - a +0 glaive
Missiles
 y - 19 tomahawks (quivered)
 N - 2 throwing nets
Armour
 a - a +1 leather armour of fire resistance (worn)
 h - a +1 pair of gloves
 m - the cursed +0 robe "Hynwoi Qolu" {rF+ rC+ Dex+3}
   (You found it on level 2 of the Lair of Beasts)

   It affects your dexterity (+3).
   It protects you from fire.
   It protects you from cold.
   It has a curse placed upon it.
 q - a +1 helmet (worn)
 B - a +0 pair of boots (worn)
 O - a +2 shield
 T - a +2 pair of gloves (worn)
 X - a +0 cloak (worn)
Jewellery
 b - an uncursed amulet of the acrobat
 i - a +2 ring of slaying (right hand)
 u - an uncursed ring of magical power
 H - an amulet of regeneration (around neck)
 P - an uncursed ring of see invisible
 R - the ring of Wukaonyu (left hand) {rN++ MR+ Str-5 Dex+4}
   (You found it on level 5 of the Dungeon)

   [ring of protection from magic]

   It affects your strength (-5).
   It affects your dexterity (+4).
   It greatly protects you from negative energy.
   It affects your resistance to hostile enchantments.
Wands
 l - a wand of paralysis (8)
 z - a wand of disintegration (11)
 F - a wand of clouds (2)
 J - a wand of iceblast (1)
 M - a wand of flame (12)
 Q - a wand of polymorph (24)
 Y - a wand of acid (3)
Scrolls
 e - 4 scrolls of enchant weapon
 g - a scroll of magic mapping
 n - 4 scrolls of amnesia
 p - 2 scrolls of fear
 s - a scroll of silence {unknown}
 t - 11 scrolls of teleportation
 C - a scroll of fog
 D - 3 scrolls of remove curse
 S - a scroll of blinking {unknown}
Potions
 f - a potion of cancellation
 j - a potion of invisibility
 o - 2 potions of haste
 r - 7 potions of curing
 v - a potion of resistance {unknown}
 w - 3 potions of ambrosia
 x - a potion of brilliance
 A - 2 potions of mutation
 E - a potion of lignification {unknown}
 G - 2 potions of magic
 I - a potion of might {unknown}
 K - a potion of flight {unknown}
 U - a potion of agility {unknown}
Comestibles
 d - 34 rations
 k - 4 chunks of flesh


   Skills:
 + Level 9.4 Fighting
 + Level 8.2 Short Blades
 + Level 8.2 Long Blades
 + Level 8.2 Axes
 + Level 8.2 Maces & Flails
 + Level 9.4 Polearms
 + Level 8.2 Staves
 + Level 8.2 Slings
 + Level 8.2 Bows
 + Level 8.2 Crossbows
 + Level 8.2 Throwing
 + Level 8.7 Armour
 + Level 9.4 Dodging
 + Level 8.2 Stealth
 + Level 8.2 Shields
 + Level 8.2 Unarmed Combat
 + Level 9.6 Spellcasting
 + Level 6.8 Conjurations
 + Level 6.8 Hexes
 + Level 8.8 Charms
 + Level 6.8 Summonings
 + Level 6.8 Necromancy
 + Level 6.8 Translocations
 + Level 6.8 Transmutations
 + Level 6.8 Fire Magic
 + Level 6.8 Ice Magic
 + Level 6.8 Air Magic
 + Level 6.8 Earth Magic
 + Level 6.8 Poison Magic
 + Level 9.0 Invocations
 + Level 8.2 Evocations


You had 9 spell levels left.
You knew the following spells:

 Your Spells              Type           Power        Failure   Level  Hunger
a - Infusion              Chrm           ####         1%          1    None
b - Song of Slaying       Chrm           ######..     1%          2    None
c - Shroud of Golubria    Chrm/Tloc      ######....   1%          2    None
d - Regeneration          Chrm/Necr      ######....   2%          3    None
e - Spectral Weapon       Hex/Chrm       ######..     2%          3    None
f - Animate Skeleton      Necr           N/A          1%          1    None
g - Apportation           Tloc           #####.       1%          1    None
h - Confusing Touch       Hex            #####.       1%          1    None
i - Summon Small Mammal   Summ           ####         1%          1    None
j - Animate Dead          Necr           N/A          8%          4    ##.....
k - Tukima's Dance        Hex            #####...     3%          3    None

Your spell library contained the following spells:

 Spells                   Type           Power        Failure   Level  Hunger
 Beastly Appendage        Tmut           #####.       1%          1    None
 Corona                   Hex            #####..      1%          1    None
 Pain                     Necr           ####         1%          1    None
 Corpse Rot               Necr           N/A          1%          2    None
 Ensorcelled Hibernation  Hex/Ice        #####.       1%          2    None
 Slow                     Hex            #####...     1%          2    None
 Sticks to Snakes         Tmut           #####...     1%          2    None
 Sublimation of Blood     Necr           #####.....   1%          2    None
 Confuse                  Hex            #####...     3%          3    None
 Dazzling Spray           Conj/Hex       #####.       3%          3    None
 Gell's Gravitas          Tloc           #####.....   3%          3    None
 Inner Flame              Hex/Fire       #####...     3%          3    None
 Portal Projectile        Hex/Tloc       #####.       3%          3    None
 Spider Form              Tmut/Pois      #####.....   3%          3    None
 Cause Fear               Hex            #####.....   8%          4    ##.....
 Ice Form                 Ice/Tmut       #####...     8%          4    ##.....
 Leda's Liquefaction      Hex/Erth       #####.....   8%          4    ##.....
 Petrify                  Tmut/Erth      #####...     8%          4    ##.....
 Excruciating Wounds      Chrm/Necr      ######....   14%         5    #####..
 Iskenderun's Battlesphe  Conj/Chrm      ######..     14%         5    #####..
 Blade Hands              Tmut           #####.....   21%         5    #####..
 Bolt of Magma            Conj/Fire/Erth #####.....   21%         5    #####..
 Dispel Undead            Necr           #####...     21%         5    #####..
 Irradiate                Conj/Tmut      #####.....   21%         5    #####..
 Metabolic Englaciation   Hex/Ice        #####.....   21%         5    #####..
 Venom Bolt               Conj/Pois      #####.....   21%         5    #####..
 Yara's Violent Unravell  Hex/Tmut       #####.....   21%         5    #####..
 Death Channel            Necr           #####.....   69%         6    ######.
 Hydra Form               Tmut           #####.....   69%         6    ######.
 Iron Shot                Conj/Erth      #####.....   69%         6    ######.
 Simulacrum               Ice/Necr       #####.....   69%         6    ######.
 Statue Form              Tmut/Erth      #####....    69%         6    ######.
 Dragon Form              Tmut           #####.....   99%         7    #######
 Orb of Destruction       Conj           #####.....   99%         7    #######
 Spellforged Servitor     Conj/Summ      #####.....   99%         7    #######


Dungeon Overview and Level Annotations

Branches:
Dungeon (11/15)            Temple (1/1) D:5            Lair (6/6) D:11
  Swamp (0/4) Lair:4       Spider (0/4) Lair:3        Slime (0/5) Lair:6
    Orc (0/2) D:11

Altars:
Ashenzari
Cheibriados
Dithmenos
Elyvilon
Fedhas
Gozag
Hepliaklqana
Kikubaaqudgha
Makhleb
Nemelex Xobeh
Okawaru
Qazlal
Ru
Sif Muna
Trog
Uskayaw
Vehumet
Wu Jian
Xom
Yredelemnul
Zin
The Shining One
Beogh

Shops:
D:10 [


Innate Abilities, Weirdness & Mutations

Your experience applies equally to all skills.
You have very sharp teeth.
Your uncanny sense of smell can sniff out nearby items.
You are resistant to hostile enchantments. (MR+)
Your muscles are very strong. (Str +4)
Your spells are a little harder to cast, but a little more powerful.


Message History

The seven-headed hydra bites you but does no damage.
The seven-headed hydra closely misses you.
The seven-headed hydra bites you!
* * * LOW HITPOINT WARNING * * *
Evoke which item? (* to show all) (? for menu, Esc to quit)
Aiming: Disintegrate
Press: ? - help, Shift-Dir - straight line, f/p - seven-headed hydra
Aim: a seven-headed hydra (almost dead, chance to defeat MR: 61%)
The seven-headed hydra is blasted!!
You blow up the seven-headed hydra!
Kikubaaqudgha accepts your kill.
The crocodile looks more healthy.
The blink frog completely misses you. The spiny frog stings you!
* * * LOW HITPOINT WARNING * * *
The hippogriff bites you!
* * * LOW HITPOINT WARNING * * *
The hippogriff pecks you but does no damage.
The hippogriff closely misses you. The crocodile bites you.
You die...
Kikubaaqudgha rasps: "You have failed me!
Welcome... death!"

*,,,,,,,,,,,≈≈≈≈≈≈≈≈≈≈
##..........≈≈≈≈≈≈≈≈≈≈≈
*............#*≈≈**≈≈**
*#..........≈.*≈≈**≈≈**
#....F.....≈≈≈,,≈,,,,,
#P..%.....$%.,,,,,,,,,
##............,,,,,,,,,
#......F......,,,,,,,,,
#.#...@.F.....,,,,,,,,,
*#...tHF......,,,,,,,,,
##..(...§....,,,,,,,,,
#.......§....,,,,,,,,,
##...........,,,,,,,,,
#............,,,,,,,,,
##...........,,,,,,,,,
#............,,,,,,,,,
#P...........,,,,,,,,,


You could see a hippogriff, a spiny frog, 3 blink frogs, a crocodile and a
friendly spectral +2 halberd of venom.

Vanquished Creatures
  8 hydras
  A centaur warrior (D:10)
  An unseen horror (D:10)
  A cyclops (D:11)
  4 elephants (Lair:4)
  2 black mambas (Lair:3)
  Psyche (D:9)
  The ghost of Azzok the Insei, a novice GnTm (D:5)
  2 spiny frogs
  A komodo dragon (Lair:4)
  A hornet (Lair:5)
  2 polar bears
  4 blink frogs (Lair:3)
  2 dream sheep
  A bog body (Lair:4)
  4 hippogriffs
  A centaur simulacrum (D:11)
  A spriggan (D:7)
  2 wraiths (D:11)
  34 yaks
  4 hungry ghosts
  The ghost of Azzok the Firebug, an amateur OpFE (D:4)
  4 porcupines
  7 water moccasins
  2 orc warriors
  An eye of draining (D:11)
  4 ice beasts
  6 black bears
  3 sky beasts
  2 necrophages
  2 phantoms
  6 wolves (Lair:2)
  9 ogres
  11 centaurs
  10 crocodiles
  9 big kobolds
  3 elf zombies (Ossuary)
  Blork the orc (D:4)
  14 bullfrogs
  3 gnoll sergeants (D:5)
  5 scorpions
  4 killer bees (D:8)
  4 wights (D:9)
  4 electric eels
  2 howler monkeys
  3 jellies
  5 crimson imps
  A centaur zombie (D:10)
  6 hounds
  5 human zombies
  6 orc priests
  2 centaur skeletons (D:4)
  18 orc wizards
  A gnoll shaman (D:5)
  6 iguanas
  A human skeleton (D:11)
  9 worker ants
  2 hound zombies (Ossuary)
  3 hound skeletons
  7 mummies
  A howler monkey zombie (D:5)
  A worker ant zombie (D:6)
  21 gnolls
  A howler monkey skeleton (D:10)
  4 river rats
  14 adders
  4 shadow imps
  2 white imps (D:11)
  2 worker ant simulacra (D:11)
  A howler monkey simulacrum (D:11)
  9 oozes
  3 adder zombies (Ossuary)
  An adder skeleton (D:8)
  6 worms
  A dart slug (D:1)
  9 leopard geckos
  44 orcs
  9 giant cockroaches
  9 goblins
  6 hobgoblins
  39 kobolds
  A quokka (D:8)
  9 ball pythons
  9 bats
  3 frilled lizards
  A goblin zombie (Ossuary)
  A kobold zombie (Ossuary)
  A leopard gecko skeleton (D:4)
  An orc skeleton (D:11)
  An orc zombie (Ossuary)
  A quokka zombie (D:8)
  7 rats
  2 plants (D:7)
494 creatures vanquished.

Vanquished Creatures (collateral kills)
  A black mamba (Lair:1)
  2 elephants (Lair:4)
  A spiny frog (Lair:4)
  2 fungi (Lair:4)
  A plant (Lair:4)
7 creatures vanquished.

Vanquished Creatures (others)
  5 fungi
  21 plants
  9 spectral weapons
35 creatures vanquished.

Grand Total: 536 creatures vanquished

Notes
Turn   | Place    | Note
-------+----------+-------------------------------------------
     0 | D:1      | tilp the Gnoll Skald began the quest for the Orb.
     0 | D:1      | Reached XP level 1. HP: 20/20 MP: 6/6
   132 | D:1      | Reached XP level 2. HP: 21/26 MP: 7/7
   136 | D:1      | Learned a level 2 spell: Song of Slaying
   139 | D:1      | Learned a level 2 spell: Shroud of Golubria
   237 | D:1      | Reached XP level 3. HP: 24/31 MP: 1/9
   242 | D:1      | Learned a level 3 spell: Regeneration
   246 | D:1      | Learned a level 3 spell: Spectral Weapon
   334 | D:1      | Reached skill level 5 in Spellcasting
   496 | D:1      | Found an iron altar of Okawaru.
   649 | D:1      | Reached skill level 1 in Invocations
   867 | D:2      | Reached skill level 1 in Short Blades
   867 | D:2      | Reached skill level 1 in Long Blades
   867 | D:2      | Reached skill level 1 in Axes
   867 | D:2      | Reached skill level 1 in Maces & Flails
   867 | D:2      | Reached skill level 1 in Staves
   867 | D:2      | Reached skill level 1 in Slings
   867 | D:2      | Reached skill level 1 in Bows
   867 | D:2      | Reached skill level 1 in Crossbows
   867 | D:2      | Reached skill level 1 in Throwing
   867 | D:2      | Reached skill level 1 in Stealth
   867 | D:2      | Reached skill level 1 in Shields
   867 | D:2      | Reached skill level 1 in Unarmed Combat
   867 | D:2      | Reached skill level 1 in Evocations
   952 | D:2      | Reached XP level 4. HP: 27/38 MP: 6/11
   961 | D:2      | Found a hazy altar of Hepliaklqana.
  1249 | D:2      | Reached skill level 1 in Conjurations
  1249 | D:2      | Reached skill level 1 in Hexes
  1249 | D:2      | Reached skill level 1 in Summonings
  1249 | D:2      | Reached skill level 1 in Necromancy
  1249 | D:2      | Reached skill level 1 in Translocations
  1249 | D:2      | Reached skill level 1 in Transmutations
  1249 | D:2      | Reached skill level 1 in Fire Magic
  1249 | D:2      | Reached skill level 1 in Ice Magic
  1249 | D:2      | Reached skill level 1 in Air Magic
  1249 | D:2      | Reached skill level 1 in Earth Magic
  1249 | D:2      | Reached skill level 1 in Poison Magic
  1313 | D:2      | Found a hide-covered altar of Uskayaw.
  1313 | D:2      | Noticed a +0 hand axe
  1314 | D:2      | Noticed a +0 hand axe
  1466 | D:3      | Found a sparkling altar of Nemelex Xobeh.
  1487 | D:3      | Found a glowing drain.
  1504 | D:3      | Reached XP level 5. HP: 43/43 MP: 0/12
  1548 | Sewer    | Entered a sewer
  1568 | Sewer    | Noticed a big kobold
  1580 | Sewer    | Killed a big kobold
  1591 | Sewer    | Noticed a big kobold
  1603 | Sewer    | Killed a big kobold
  1603 | Sewer    | Reached XP level 6. HP: 33/50 MP: 3/13
  1836 | Sewer    | Reached skill level 5 in Fighting
  1836 | Sewer    | Reached skill level 5 in Polearms
  1836 | Sewer    | Reached skill level 5 in Dodging
  1890 | Sewer    | Reached XP level 7. HP: 52/56 MP: 5/15
  2413 | D:3      | Found a stormy altar of Qazlal.
  2433 | D:3      | Found a glowing silver altar of Zin.
  2868 | D:4      | Reached XP level 8. HP: 59/63 MP: 13/16
  2985 | D:4      | Noticed Blork the orc
  3038 | D:4      | Found a sand-covered staircase.
  3051 | D:4      | Learned a level 1 spell: Animate Skeleton
  3053 | D:4      | Learned a level 1 spell: Apportation
  3055 | D:4      | Learned a level 1 spell: Confusing Touch
  3057 | D:4      | Learned a level 1 spell: Summon Small Mammal
  3136 | Ossuary  | Entered an ossuary
  3183 | Ossuary  | HP: 3/64 [elf zombie (6)]
  3191 | Ossuary  | HP: 1/64 [elf zombie (2)]
  4031 | D:4      | You fall through a shaft for 2 floors!
  4103 | D:5      | Entered Level 5 of the Dungeon
  4206 | D:4      | Found a runed translucent door.
  4212 | D:4      | Noticed Azzok's ghost (amateur OpFE)
  4229 | D:4      | Killed Azzok's ghost
  4229 | D:4      | Reached XP level 9. HP: 68/69 MP: 12/18
  4954 | D:5      | Found a bloodstained altar of Trog.
  5109 | D:5      | Found a staircase to the Ecumenical Temple.
  5121 | Temple   | Entered the Ecumenical Temple
  5320 | Temple   | Became a worshipper of Kikubaaqudgha
  5366 | D:5      | Found a deep blue altar of Sif Muna.
  5426 | D:5      | Reached skill level 5 in Armour
  5596 | D:5      | Found a transporter.
  5602 | D:5      | Found a transporter.
  5608 | D:5      | Noticed Azzok's ghost (novice GnTm)
  6280 | D:7      | Reached skill level 5 in Invocations
  6320 | D:7      | Reached * piety under Kikubaaqudgha
  6320 | D:7      | Identified Kikubaaqudgha's Disquisition on Evil Rites
                  | (Kikubaaqudgha gifted it to you on level 7 of the Dungeon)
  6320 | D:7      | Received a gift from Kikubaaqudgha
  6554 | D:7      | Reached XP level 10. HP: 77/77 MP: 20/20
  6566 | D:7      | Found an ornate altar of the Wu Jian Council.
  6716 | D:7      | Found a shattered altar of Ashenzari.
  6903 | D:7      | Found a burning altar of Makhleb.
  6945 | D:7      | Reached ** piety under Kikubaaqudgha
  7208 | D:8      | Reached skill level 5 in Short Blades
  7208 | D:8      | Reached skill level 5 in Long Blades
  7208 | D:8      | Reached skill level 5 in Axes
  7208 | D:8      | Reached skill level 5 in Maces & Flails
  7208 | D:8      | Reached skill level 5 in Staves
  7208 | D:8      | Reached skill level 5 in Slings
  7208 | D:8      | Reached skill level 5 in Bows
  7208 | D:8      | Reached skill level 5 in Crossbows
  7208 | D:8      | Reached skill level 5 in Throwing
  7208 | D:8      | Reached skill level 5 in Stealth
  7208 | D:8      | Reached skill level 5 in Shields
  7208 | D:8      | Reached skill level 5 in Unarmed Combat
  7208 | D:8      | Reached skill level 5 in Evocations
  7716 | D:8      | Reached *** piety under Kikubaaqudgha
  7716 | D:8      | Identified Kikubaaqudgha's Compendium of Black Magic
                  | (Kikubaaqudgha gifted it to you on level 8 of the Dungeon)
  7716 | D:8      | Received a gift from Kikubaaqudgha
  7986 | D:4      | Killed Blork the orc
  8083 | D:5      | HP: 3/79 [gnoll sergeant/+4 spear of chaos (17)]
  8093 | D:5      | HP: 1/79 [gnoll sergeant/+4 spear of chaos (17)]
  8105 | D:5      | Gained mutation: You are resistant to hostile enchantments.
                  | (MR+) [potion of mutation]
  8105 | D:5      | Gained mutation: Your muscles are strong. (Str +2) [potion
                  | of mutation]
  8105 | D:5      | Gained mutation: Your spells are a little harder to cast,
                  | but a little more powerful. [potion of mutation]
  8105 | D:5      | Gained mutation: Your muscles are very strong. (Str +4)
                  | [potion of mutation]
  8133 | D:5      | Killed Azzok's ghost
  8204 | D:5      | Got an ancient bronze ring
  8450 | D:9      | Got a steaming dagger
  8681 | D:9      | Reached XP level 11. HP: 84/84 MP: 22/22
  8707 | D:9      | Noticed Psyche
  8728 | D:9      | Killed Psyche
  9060 | D:10     | Entered Level 10 of the Dungeon
  9211 | D:10     | Reached **** piety under Kikubaaqudgha
  9213 | D:10     | Found a blossoming altar of Fedhas.
  9225 | D:10     | Noticed a centaur warrior
  9446 | D:10     | Found Rucobb's Armour Emporium.
  9454 | D:10     | Bought a +0 cloak for 63 gold pieces
  9487 | D:10     | Reached skill level 5 in Conjurations
  9487 | D:10     | Reached skill level 5 in Hexes
  9487 | D:10     | Reached skill level 5 in Summonings
  9487 | D:10     | Reached skill level 5 in Necromancy
  9487 | D:10     | Reached skill level 5 in Translocations
  9487 | D:10     | Reached skill level 5 in Transmutations
  9487 | D:10     | Reached skill level 5 in Fire Magic
  9487 | D:10     | Reached skill level 5 in Ice Magic
  9487 | D:10     | Reached skill level 5 in Air Magic
  9487 | D:10     | Reached skill level 5 in Earth Magic
  9487 | D:10     | Reached skill level 5 in Poison Magic
  9644 | D:10     | Killed a centaur warrior
  9647 | D:10     | Noticed an unseen horror
  9658 | D:10     | Killed an unseen horror
 10142 | D:11     | Found a staircase to the Orcish Mines.
 10233 | D:11     | Found a staircase to the Lair.
 10322 | D:11     | Noticed a cyclops
 10331 | D:11     | Killed a cyclops
 10457 | D:11     | Identified the ring of Wukaonyu {rN++ MR+ Str-5 Dex+4} (You
                  | found it on level 5 of the Dungeon)
 10509 | D:11     | Found an ancient bone altar of Kikubaaqudgha.
 10666 | D:11     | Found a roughly hewn altar of Beogh.
 10672 | D:11     | Reached ***** piety under Kikubaaqudgha
 11016 | Lair:1   | Entered Level 1 of the Lair of Beasts
 11038 | Lair:1   | Reached XP level 12. HP: 41/93 MP: 17/24
 11055 | Lair:1   | Learned a level 4 spell: Animate Dead
 11157 | Lair:1   | Learned a level 3 spell: Tukima's Dance
 11747 | Lair:2   | Got a steaming robe
 11755 | Lair:2   | Noticed a six-headed hydra
 11762 | Lair:2   | Killed a six-headed hydra
 11850 | Lair:2   | Noticed a six-headed hydra
 11879 | Lair:2   | Killed a six-headed hydra
 12738 | Lair:3   | Got a dazzling leather armour
 12948 | Lair:3   | Found a hole to the Spider Nest.
 13604 | Lair:4   | Identified the +3 leather armour of the End {rCorr Int-2
                  | SInv Stlth-} (You found it on level 3 of the Lair of
                  | Beasts)
 13659 | Lair:4   | Noticed a five-headed hydra
 13680 | Lair:4   | Killed a five-headed hydra
 13681 | Lair:4   | Noticed a four-headed hydra
 13800 | Lair:4   | Killed a four-headed hydra
 13903 | Lair:4   | Found a staircase to the Swamp.
 13920 | Lair:4   | Identified the cursed +0 robe "Hynwoi Qolu" {rF+ rC+ Dex+3}
                  | (You found it on level 2 of the Lair of Beasts)
 13927 | Lair:4   | Noticed an eight-headed hydra
 13933 | Lair:4   | Killed an eight-headed hydra
 13933 | Lair:4   | Reached XP level 13. HP: 101/101 MP: 26/26
 14646 | Lair:5   | You fall through a shaft!
 14646 | Lair:6   | Entered Level 6 of the Lair of Beasts
 15219 | Lair:6   | HP: 1/101 [hippogriff (7)]
 15219 | Lair:6   | Slain by a crocodile

Levels and vault maps discovered:
D:1:      shiori_arrival_oz, layout_loops_ring, okawaru_ov_weapons_minmay
D:2:      layout_rooms, overflow_temple_1_default, dancing_weapons_uskayaw
D:3:      layout_basic, nemelex_xobeh_ov_fountains_minmay,
          nicolae_overflow_crystal_walls, grunt_qazlal_clouds, first_ration,
          portal_sewer_entry_a, minmay_misc_feat_columns
D:4:      layout_basic, ebering_ghost_sewer_d,
          lightli_ossuary_entry_decrepit_ruins, uniq_blork_the_orc
D:5:      layout_basic, kennysheep_mini_moat, lightli_temple_of_fire,
          minmay_temple_entry_offerings, gammafunk_ghost_gnarly_gnolls,
          st_stairs_12
D:6:      layout_gridville
D:7:      kennysheep_kobold_camp, layout_basic, lemuel_round_altar,
          makhleb_grotto_becter, the_bakery, ashenzari_altar_1
D:8:      layout_layer_cave
D:9:      layout_long_grid, uniq_psyche
D:10:     layout_loops_ring, serial_shops, nicolae_shop_stone,
          nicolae_lava_and_water, fedhas_bush_and_centaur_altar
D:11:     layout_irregular_city, david_lair_shrubbed,
          minmay_orc_entry_temple_small, serial_ice, serial_ice_l, serial_ice_b,
          serial_ice_n, serial_ice_m, lemuel_mausoleum_altar_kikubaaqudgha
Temple:   nicolae_temple_figure_eight
Lair:1:   layout_hall_layers, chequers_serial_rivers_small_a
Lair:2:   layout_long_grid, nicolae_quartered_pool_super
Lair:3:   layout_layer_cave, dummy_spider_entry, grunt_megastairs_3,
          lemuel_fruit_tree
Lair:4:   layout_misc_corridors, skrybe_swamp_entry_bodies
Lair:5:   layout_layer_cave
Lair:6:   gammafunk_lair_ancient_temple, layout_regular_city,
          dpeg_slime_entry_corner, st_stairs_4, uniq_snorg
Sewer:    sewer_co_tree
Ossuary:  ossuary_minmay_tomb_2a

Skill      XL: |  1  2  3  4  5  6  7  8  9 10 11 12 13 |
---------------+----------------------------------------+-----
Spellcasting   | 5 6 7 8 9 |  9.6
Invocations    | 1 2 3 4 5 6 7 8 9 |  9.0
Short Blades   | 1 2 3 4 5 6 7 8 |  8.2
Long Blades    | 1 2 3 4 5 6 7 8 |  8.2
Axes           | 1 2 3 4 5 6 7 8 |  8.2
Maces & Flails | 1 2 3 4 5 6 7 8 |  8.2
Staves         | 1 2 3 4 5 6 7 8 |  8.2
Slings         | 1 2 3 4 5 6 7 8 |  8.2
Bows           | 1 2 3 4 5 6 7 8 |  8.2
Crossbows      | 1 2 3 4 5 6 7 8 |  8.2
Throwing       | 1 2 3 4 5 6 7 8 |  8.2
Stealth        | 1 2 3 4 5 6 7 8 |  8.2
Shields        | 1 2 3 4 5 6 7 8 |  8.2
Unarmed Combat | 1 2 3 4 5 6 7 8 |  8.2
Evocations     | 1 2 3 4 5 6 7 8 |  8.2
Conjurations   | 1 2 3 4 5 6 |  6.8
Hexes          | 1 2 3 4 5 6 |  6.8
Summonings     | 1 2 3 4 5 6 |  6.8
Necromancy     | 1 2 3 4 5 6 |  6.8
Translocations | 1 2 3 4 5 6 |  6.8
Transmutations | 1 2 3 4 5 6 |  6.8
Fire Magic     | 1 2 3 4 5 6 |  6.8
Ice Magic      | 1 2 3 4 5 6 |  6.8
Air Magic      | 1 2 3 4 5 6 |  6.8
Earth Magic    | 1 2 3 4 5 6 |  6.8
Poison Magic   | 1 2 3 4 5 6 |  6.8
Armour         | 3 4 5 6 7 8 |  8.7
Fighting       | 5 6 7 8 9 |  9.4
Polearms       | 5 6 7 8 9 |  9.4
Dodging        | 5 6 7 8 9 |  9.4
Charms         | 6 7 8 |  8.8

Action                   |  1- 3 |  4- 6 |  7- 9 | 10-12 | 13-15 || total
-------------------------+-------+-------+-------+-------+-------++-------
Melee: Spear             |   118 |   133 |   556 |   229 |       ||  1036
       Bite              |     7 |     8 |    43 |    56 |    21 ||   135
       Punch             |       |     1 |    14 |     5 |       ||    20
       Halberd           |       |       |       |   398 |   123 ||   521
Throw: Stone             |       |       |     1 |       |       ||     1
       Tomahawk          |       |       |       |     3 |     1 ||     4
 Cast: Infusion          |     2 |     7 |     1 |     1 |       ||    11
       Shroud of Golubri |     1 |     9 |    11 |    17 |     4 ||    42
       Song of Slaying   |     1 |     1 |    11 |    13 |     4 ||    30
       Spectral Weapon   |       |       |    31 |    52 |     6 ||    89
       Regeneration      |       |       |       |    11 |     3 ||    14
       Confusing Touch   |       |       |       |     1 |       ||     1
       Animate Dead      |       |       |       |     5 |     1 ||     6
       Animate Skeleton  |       |       |       |     2 |     1 ||     3
Invok: Receive Corpses   |       |       |       |     1 |       ||     1
Evoke: Wand              |       |       |       |    18 |    17 ||    35
  Use: Scroll            |     1 |     3 |     8 |    15 |     5 ||    32
       Potion            |       |       |     1 |    10 |       ||    11
 Stab: Sleeping          |     5 |       |    16 |    27 |       ||    48
       Distracted        |     1 |       |     5 |     6 |     7 ||    19
       Invisible         |       |       |       |     8 |       ||     8
  Eat: Chunk             |       |     4 |    17 |    28 |     5 ||    54
Armor: Leather armour    |    17 |     8 |    73 |   116 |    37 ||   251
Dodge: Dodged            |    48 |    45 |   277 |   349 |   158 ||   877

Table legend:
 A = Non-vault XP
 B = Vault XP
 C = Vault XP percentage of total XP
 D = Non-vault monster count
 E = Vault monster count
 F = Vault count percentage of total count
                 A         B        C        D         E       F
            +---------+---------+-------+---------+---------+-------
      Total |   37398 |    6073 |  14.0 |     368 |     128 |  25.8
            +---------+---------+-------+---------+---------+-------
        D:1 |      67 |       2 |   2.9 |      27 |       1 |   3.6
        D:2 |      82 |       0 |   0.0 |      22 |       0 |   0.0
        D:3 |     228 |      22 |   8.8 |      21 |       8 |  27.6
        D:4 |     572 |     351 |  38.0 |      32 |       4 |  11.1
        D:5 |     910 |     829 |  47.7 |      23 |      12 |  34.3
        D:6 |     686 |       0 |   0.0 |      16 |       0 |   0.0
        D:7 |     926 |     394 |  29.8 |      16 |      23 |  59.0
        D:8 |    1899 |       0 |   0.0 |      42 |       0 |   0.0
        D:9 |    1461 |     439 |  23.1 |      27 |       1 |   3.6
       D:10 |    3258 |     112 |   3.3 |      25 |       1 |   3.8
       D:11 |    2026 |    2108 |  51.0 |      19 |      31 |  62.0
     Lair:1 |    2086 |       0 |   0.0 |      10 |       0 |   0.0
     Lair:2 |    3205 |       0 |   0.0 |      14 |       0 |   0.0
     Lair:3 |    4146 |       0 |   0.0 |      20 |       0 |   0.0
     Lair:4 |   10581 |     249 |   2.3 |      34 |       1 |   2.9
     Lair:5 |    4016 |     385 |   8.7 |      18 |       2 |  10.0
     Lair:6 |    1249 |       0 |   0.0 |       2 |       0 |   0.0
      Sewer |       0 |     721 | 100.0 |       0 |      28 | 100.0
    Ossuary |       0 |     461 | 100.0 |       0 |      16 | 100.0
            +---------+---------+-------+---------+---------+-------
